TOP OF THE 1ST |
Ogallala Octopi batting - Pitching for Capital Hill Interns : LHP Yushua Wazir
|
Pitching: LHP Yushua Wazir
|
|
Batting: RHB Salvador Gisbert
|
0-0: Called Strike 0-1: Fly out, F9 (Flyball, 89M)
|
Batting: RHB Phil van Oosterom
|
0-0: Called Strike 0-1: Foul Ball, location: 2F 0-2: Ball 1-2: Foul Ball, location: 2F 1-2: Ball 2-2: Foul Ball, location: 2F 2-2: Ball 3-2: SOLO HOME RUN (Flyball, 89XD), Distance : 413 ft
|
Batting: RHB Carlos Martínez
|
0-0: Ball 1-0: Called Strike 1-1: Ball 2-1: Ball 3-1: Foul Ball, location: 2F 3-2: Base on Balls
|
Batting: LHB Lauren Hilfiker
|
0-0: Ball 1-0: Called Strike 1-1: Ball 2-1: Foul Ball, location: 2F 2-2: Foul Ball, location: 2F 2-2: Fly out, F9 (Flyball, 9D)
|
Batting: RHB Anthon Oort
|
0-0: Ball 1-0: Ball 2-0: Swinging Strike 2-1: Foul Ball, location: 2F 2-2: Ball 3-2: SINGLE (Line Drive, 56) Carlos Martínez to second Carlos Martínez to third
|
Batting: RHB Jason Watts
|
0-0: Called Strike 0-1: Called Strike 0-2: Foul Ball, location: 2F 0-2: Ball 1-2: Foul Ball, location: 2F 1-2: Strikes out swinging
|
Top of the 1st over - 1 run, 2 hits, 0 errors, 2 left on base; Ogallala 1 - Capital Hill 0 |
BOTTOM OF THE 1ST |
Capital Hill Interns batting - Pitching for Ogallala Octopi : RHP Moriz Gaidamakin
|
Pitching: RHP Moriz Gaidamakin
|
|
Batting: RHB Michael Ruscoe
|
0-0: Called Strike 0-1: Called Strike 0-2: Ground out 6-3 (Groundball, 6M)
|
Batting: LHB Tom Washington
|
0-0: Swinging Strike 0-1: Foul Ball, location: 2F 0-2: Ball 1-2: Ball 2-2: Foul Ball, location: 2F 2-2: Fly out, F9 (Flyball, 89M)
|
Batting: RHB Alex Perry
|
0-0: Ball 1-0: Fly out, F7 (Line Drive, 7)
|
Bottom of the 1st over - 0 runs, 0 hits, 0 errors, 0 left on base; Ogallala 1 - Capital Hill 0 |
TOP OF THE 2ND |
Ogallala Octopi batting - Pitching for Capital Hill Interns : LHP Yushua Wazir
|
Batting: RHB Kao-tsu Koo
|
0-0: Called Strike 0-1: Ball 1-1: Ball 2-1: Ball 3-1: Foul Ball, location: 2F 3-2: Strikes out swinging
|
Batting: RHB Alejandro Cantú
|
0-0: Called Strike 0-1: Foul Ball, location: 2F 0-2: Foul Ball, location: 2F 0-2: Strikes out swinging
|
Batting: RHB David Stone
|
0-0: Foul Ball, location: 2F 0-1: SINGLE (Groundball, 56D)
|
Batting: RHB Salvador Gisbert
|
0-0: Ball 1-0: Foul Ball, location: 2F 1-1: Foul Ball, location: 2F 1-2: Ball 2-2: SINGLE (Flyball, 78S) David Stone to second
|
Batting: RHB Phil van Oosterom
|
0-0: Ball 1-0: Called Strike 1-1: Ball 2-1: Fly out, F8 (Line Drive, 8RM)
|
Top of the 2nd over - 0 runs, 2 hits, 0 errors, 2 left on base; Ogallala 1 - Capital Hill 0 |
BOTTOM OF THE 2ND |
Capital Hill Interns batting - Pitching for Ogallala Octopi : RHP Moriz Gaidamakin
|
Batting: RHB Gilberto Ramírez
|
0-0: Foul Ball, location: 2F 0-1: Ball 1-1: Swinging Strike 1-2: Strikes out swinging
|
Batting: SHB Mark Boyle
|
0-0: Ball 1-0: Ball 2-0: DOUBLE (Line Drive, 9LS)
|
Batting: RHB Alejandro Carrillo
|
0-0: Ground out 4-3 (Groundball, 34) Mark Boyle to third
|
Batting: RHB Ken Pittman
|
0-0: Foul Ball, location: 2F 0-1: Called Strike 0-2: Foul Ball, location: 2F 0-2: 2-RUN HOME RUN (Flyball, 7LD), Distance : 347 ft
|
Batting: RHB John Fitzgerald
|
0-0: Ball 1-0: Ball 2-0: Swinging Strike 2-1: Called Strike 2-2: Foul Ball, location: 2F 2-2: Ball 3-2: Foul Ball, location: 2F 3-2: DOUBLE (Line Drive, 7LM)
|
Batting: RHB António Salas
|
0-0: Ball 1-0: Ground out U3 (Groundball, 3)
|
Bottom of the 2nd over - 2 runs, 3 hits, 0 errors, 1 left on base; Ogallala 1 - Capital Hill 2 |
TOP OF THE 3RD |
Ogallala Octopi batting - Pitching for Capital Hill Interns : LHP Yushua Wazir
|
Batting: RHB Carlos Martínez
|
0-0: Called Strike 0-1: SINGLE (Groundball, 6D)
|
Batting: LHB Lauren Hilfiker
|
0-0: Called Strike 0-1: Ball 1-1: Swinging Strike 1-2: Ball 2-2: Strikes out swinging
|
Batting: RHB Anthon Oort
|
0-0: Ball 1-0: Ball 2-0: Fly out, F2 (Popup, 25F)
|
Batting: RHB Jason Watts
|
0-0: Ball 1-0: Called Strike 1-1: Called Strike 1-2: Foul Ball, location: 2F 1-2: Fly out, F5 (Popup, 5F)
|
Top of the 3rd over - 0 runs, 1 hit, 0 errors, 1 left on base; Ogallala 1 - Capital Hill 2 |
BOTTOM OF THE 3RD |
Capital Hill Interns batting - Pitching for Ogallala Octopi : RHP Moriz Gaidamakin
|
Batting: RHB Michael Ruscoe
|
0-0: Ground out 1-3 (Groundball, P)
|
Batting: LHB Tom Washington
|
0-0: Ball 1-0: Foul Ball, location: 2F 1-1: Foul Ball, location: 2F 1-2: Ball 2-2: Foul Ball, location: 2F 2-2: Ball 3-2: Foul Ball, location: 2F 3-2: Foul Ball, location: 2F 3-2: DOUBLE (Flyball, 8LD)
|
Batting: RHB Alex Perry
|
0-0: Foul Ball, location: 2F 0-1: SINGLE (Groundball, 56S) (infield hit) Tom Washington to third
|
Batting: RHB Gilberto Ramírez
|
0-0: Ball 1-0: Called Strike 1-1: SINGLE (Line Drive, 78S) Tom Washington scores Alex Perry to second
|
Batting: SHB Mark Boyle
|
0-0: Ball 1-0: Ball 2-0: DOUBLE (Flyball, 8RD) Alex Perry scores Gilberto Ramírez to third Runner from 3rd tries for Home, SAFE, no throw
|
Batting: RHB Alejandro Carrillo
|
0-0: Ball 1-0: Ball 2-0: Ball 3-0: Called Strike 3-1: Fly out, F7 (Flyball, 7LM)
|
Batting: RHB Ken Pittman
|
0-0: Swinging Strike 0-1: Ball 1-1: Foul Ball, location: 2F 1-2: Ball 2-2: Strikes out looking
|
Bottom of the 3rd over - 3 runs, 4 hits, 0 errors, 1 left on base; Ogallala 1 - Capital Hill 5 |
TOP OF THE 4TH |
Ogallala Octopi batting - Pitching for Capital Hill Interns : LHP Yushua Wazir
|
Batting: RHB Kao-tsu Koo
|
0-0: Ball 1-0: Called Strike 1-1: Ball 2-1: SINGLE (Flyball, 89M)
|
Batting: RHB Alejandro Cantú
|
0-0: Ball 1-0: Called Strike 1-1: Swinging Strike 1-2: Strikes out swinging
|
Batting: RHB David Stone
|
0-0: Ball 1-0: Swinging Strike 1-1: Swinging Strike 1-2: Strikes out swinging
|
Batting: RHB Salvador Gisbert
|
0-0: Foul Ball, location: 2F 0-1: Ball 1-1: Called Strike 1-2: Ball 2-2: Foul Ball, location: 2F 2-2: Strikes out swinging
|
Top of the 4th over - 0 runs, 1 hit, 0 errors, 1 left on base; Ogallala 1 - Capital Hill 5 |
BOTTOM OF THE 4TH |
Capital Hill Interns batting - Pitching for Ogallala Octopi : RHP Moriz Gaidamakin
|
Batting: RHB John Fitzgerald
|
0-0: Ball 1-0: Ball 2-0: DOUBLE (Line Drive, 78D)
|
Batting: RHB António Salas
|
0-0: Fly out, F3 (Popup, 3SF)
|
Batting: RHB Michael Ruscoe
|
0-0: Called Strike 0-1: Ball 1-1: Foul Ball, location: 2F 1-2: Ball 2-2: Foul Ball, location: 2F 2-2: Ball 3-2: Base on Balls
|
Batting: LHB Tom Washington
|
0-0: Ball 1-0: SINGLE (Line Drive, 78S) John Fitzgerald to third Michael Ruscoe to second Runner from 3rd tries for Home, throw and OUT!
|
Batting: RHB Alex Perry
|
0-0: Called Strike 0-1: Called Strike 0-2: Strikes out swinging
|
Bottom of the 4th over - 0 runs, 2 hits, 0 errors, 2 left on base; Ogallala 1 - Capital Hill 5 |
TOP OF THE 5TH |
Ogallala Octopi batting - Pitching for Capital Hill Interns : LHP Yushua Wazir
|
Batting: RHB Phil van Oosterom
|
0-0: Called Strike 0-1: Ball 1-1: SINGLE (Line Drive, 6MD)
|
Batting: RHB Carlos Martínez
|
0-0: Called Strike 0-1: Fly out, F4 (Line Drive, 4)
|
Batting: LHB Lauren Hilfiker
|
0-0: Foul Ball, location: 2F 0-1: Foul Ball, location: 2F 0-2: Strikes out looking
|
Batting: RHB Anthon Oort
|
0-0: Foul Ball, location: 2F 0-1: Ball 1-1: SINGLE (Flyball, 8RS) Phil van Oosterom to second Runner from 2nd tries for 3rd, SAFE, no throw
|
Batting: RHB Jason Watts
|
0-0: Swinging Strike 0-1: Ball 1-1: Called Strike 1-2: Ball 2-2: Foul Ball, location: 2F 2-2: Foul Ball, location: 2F 2-2: Foul Ball, location: 2F 2-2: Ball 3-2: Foul Ball, location: 2F 3-2: Fly out, F7 (Flyball, 7D)
|
Top of the 5th over - 0 runs, 2 hits, 0 errors, 2 left on base; Ogallala 1 - Capital Hill 5 |
BOTTOM OF THE 5TH |
Capital Hill Interns batting - Pitching for Ogallala Octopi : RHP Moriz Gaidamakin
|
Batting: RHB Gilberto Ramírez
|
0-0: Swinging Strike 0-1: Ball 1-1: Ball 2-1: Ball 3-1: Foul Ball, location: 2F 3-2: Base on Balls
|
Batting: SHB Mark Boyle
|
0-0: Called Strike 0-1: Ball 1-1: Ball 2-1: Fly out, F9 (Flyball, 89S)
|
Batting: RHB Alejandro Carrillo
|
0-0: Ball 1-0: Called Strike 1-1: Fly out, F9 (Flyball, 9D)
|
Batting: RHB Ken Pittman
|
0-0: Foul Ball, location: 2F 0-1: Foul Ball, location: 2F 0-2: Foul Ball, location: 2F 0-2: Ball 1-2: Foul Ball, location: 2F 1-2: Ball 2-2: Ball 3-2: Ground out 5-3 (Groundball, 56S)
|
Bottom of the 5th over - 0 runs, 0 hits, 0 errors, 1 left on base; Ogallala 1 - Capital Hill 5 |
TOP OF THE 6TH |
Ogallala Octopi batting - Pitching for Capital Hill Interns : LHP Yushua Wazir
|
Batting: RHB Kao-tsu Koo
|
0-0: Ground out 5-3 (Groundball, 56)
|
Batting: RHB Alejandro Cantú
|
0-0: Foul Ball, location: 2F 0-1: SINGLE (Line Drive, 7S)
|
Batting: RHB David Stone
|
0-0: Called Strike 0-1: Called Strike 0-2: Strikes out swinging
|
Pitching: RHP Evan Studs
|
|
Batting: RHB Salvador Gisbert
|
0-0: DOUBLE (Groundball, 5L) Alejandro Cantú to third
|
Batting: RHB Phil van Oosterom
|
0-0: Called Strike 0-1: Ball 1-1: Ball 2-1: Swinging Strike 2-2: Strikes out swinging
|
Top of the 6th over - 0 runs, 2 hits, 0 errors, 2 left on base; Ogallala 1 - Capital Hill 5 |
BOTTOM OF THE 6TH |
Capital Hill Interns batting - Pitching for Ogallala Octopi : RHP Moriz Gaidamakin
|
Batting: RHB John Fitzgerald
|
0-0: Ball 1-0: Ball 2-0: Foul Ball, location: 2F 2-1: Ball 3-1: Foul Ball, location: 2F 3-2: Base on Balls
|
Pitching: RHP Peter Lydell
|
|
Batting: RHB António Salas
|
0-0: Bunted foul 0-1: Bunted foul 0-2: Ball 1-2: Foul Ball, location: 2F 1-2: Grounds into double play, 6-4-3 (Groundball, 6)
|
Batting: RHB Michael Ruscoe
|
0-0: Ball 1-0: Ball 2-0: Ball 3-0: Base on Balls
|
Batting: LHB Tom Washington
|
0-0: Ball 1-0: Foul Ball, location: 2F 1-1: Fly out, F8 (Flyball, 8LM)
|
Bottom of the 6th over - 0 runs, 0 hits, 0 errors, 1 left on base; Ogallala 1 - Capital Hill 5 |
TOP OF THE 7TH |
Ogallala Octopi batting - Pitching for Capital Hill Interns : RHP Evan Studs
|
Batting: RHB Carlos Martínez
|
0-0: Called Strike 0-1: Foul Ball, location: 2F 0-2: Strikes out swinging
|
Batting: LHB Lauren Hilfiker
|
0-0: SINGLE (Groundball, 34D)
|
Batting: RHB Anthon Oort
|
0-0: DOUBLE (Line Drive, 7LM) Lauren Hilfiker to third
|
Batting: RHB Jason Watts
|
0-0: Called Strike 0-1: Foul Ball, location: 2F 0-2: Strikes out swinging
|
Batting: RHB Kao-tsu Koo
|
0-0: Called Strike 0-1: Called Strike 0-2: Foul Ball, location: 2F 0-2: Reached on error, E6 (Groundball, 6) Lauren Hilfiker scores Anthon Oort to third
|
Batting: RHB Alejandro Cantú
|
0-0: Ball 1-0: Ball 2-0: Swinging Strike 2-1: Swinging Strike 2-2: Ball 3-2: Strikes out swinging
|
Top of the 7th over - 1 run, 2 hits, 1 error, 2 left on base; Ogallala 2 - Capital Hill 5 |
BOTTOM OF THE 7TH |
Capital Hill Interns batting - Pitching for Ogallala Octopi : RHP Peter Lydell
|
Batting: RHB Alex Perry
|
0-0: Ground out 5-3 (Groundball, 56)
|
Batting: RHB Gilberto Ramírez
|
0-0: Ball 1-0: Called Strike 1-1: Ball 2-1: Called Strike 2-2: Ground out 5-3 (Groundball, 5)
|
Batting: SHB Mark Boyle
|
0-0: Foul Ball, location: 2F 0-1: Fly out, F7 (Flyball, 78D)
|
Bottom of the 7th over - 0 runs, 0 hits, 0 errors, 0 left on base; Ogallala 2 - Capital Hill 5 |
TOP OF THE 8TH |
Ogallala Octopi batting - Pitching for Capital Hill Interns : RHP Evan Studs
|
Batting: RHB David Stone
|
0-0: SINGLE (Flyball, 7LS)
|
Batting: RHB Salvador Gisbert
|
0-0: Ball 1-0: SINGLE (Groundball, 6MD) David Stone to second Runner from 2nd tries for 3rd, SAFE, no throw
|
Batting: RHB Phil van Oosterom
|
0-0: Ball 1-0: Called Strike 1-1: Fly out, F7 (Flyball, 7) Runner from 3rd tags up, SCORES, throw made
|
Batting: RHB Carlos Martínez
|
0-0: Ball 1-0: Swinging Strike 1-1: Ball 2-1: Called Strike 2-2: Foul Ball, location: 2F 2-2: Foul Ball, location: 2F 2-2: Ground out 5-3 (Groundball, 56S) Salvador Gisbert to second
|
Batting: LHB Lauren Hilfiker
|
0-0: Ball 1-0: Called Strike 1-1: Ball 2-1: Ball 3-1: Base on Balls
|
Batting: RHB Anthon Oort
|
0-0: Ball 1-0: Ball 2-0: Ball 3-0: Base on Balls Salvador Gisbert to third Lauren Hilfiker to second
|
Batting: RHB Jason Watts
|
0-0: Foul Ball, location: 2F 0-1: Foul Ball, location: 2F 0-2: Fly out, F2 (Popup, 23F)
|
Top of the 8th over - 1 run, 2 hits, 0 errors, 3 left on base; Ogallala 3 - Capital Hill 5 |
BOTTOM OF THE 8TH |
Capital Hill Interns batting - Pitching for Ogallala Octopi : RHP Peter Lydell
|
Batting: RHB Alejandro Carrillo
|
0-0: Swinging Strike 0-1: Foul Ball, location: 2F 0-2: Fly out, F8 (Flyball, 8RD)
|
Batting: RHB Ken Pittman
|
0-0: Ball 1-0: Swinging Strike 1-1: Ball 2-1: Foul Ball, location: 2F 2-2: Ball 3-2: Ground out 4-3 (Groundball, 4)
|
Batting: RHB John Fitzgerald
|
0-0: Ball 1-0: Called Strike 1-1: Called Strike 1-2: Strikes out swinging
|
Bottom of the 8th over - 0 runs, 0 hits, 0 errors, 0 left on base; Ogallala 3 - Capital Hill 5 |
TOP OF THE 9TH |
Ogallala Octopi batting - Pitching for Capital Hill Interns : RHP Evan Studs
|
Pitching: RHP Steve Jackson
|
|
Batting: RHB Kao-tsu Koo
|
0-0: Foul Ball, location: 2F 0-1: Fly out, F8 (Flyball, 8RD)
|
Batting: RHB Alejandro Cantú
|
0-0: Ball 1-0: Called Strike 1-1: Ball 2-1: Called Strike 2-2: Ball 3-2: Foul Ball, location: 2F 3-2: SINGLE (Flyball, 78S)
|
Pinch Hitting: LHB Mauro López
|
0-0: Ball 1-0: Called Strike 1-1: Swinging Strike 1-2: Fielders Choice at 2nd, 6-4 (Groundball, 6MD)
|
Batting: RHB Salvador Gisbert
|
0-0: Ball 1-0: Called Strike 1-1: SINGLE (Groundball, 3D) Mauro López to second
|
Batting: RHB Phil van Oosterom
|
0-0: Swinging Strike 0-1: Swinging Strike 0-2: Strikes out looking
|
Top of the 9th over - 0 runs, 2 hits, 0 errors, 2 left on base; Ogallala 3 - Capital Hill 5 |
|